 Dungeon Crawl Stone Soup version 0.26.1-11-gd32895ea62 (webtiles) character file.

Game seed: 890604190074205896

5236 bnorton916 the Destroyer (level 10, -3/48 (50) HPs)
             Began as a Deep Elf Conjurer on July 13, 2021.
             Was a Believer of Vehumet.
             Slain by a hell rat (8 damage)
             ... on level 9 of the Dungeon.
             The game lasted 00:24:53 (10735 turns).

bnorton916 the Destroyer (Deep Elf Conjurer)       Turns: 10735, Time: 00:24:54

HP:   -3/48 (50)    AC: 11    Str:  5    XL:     10   Next: 35%
MP:   20/22         EV: 16    Int: 26    God:    Vehumet [**....]
Gold: 327           SH:  5    Dex: 16    Spells: 8/22 levels left

rFire    . . .     SeeInvis .   v - staff of conjuration
rCold    . . .     Faith    .   w - +0 buckler
rNeg     . . .     Spirit   .   a - +0 robe
rPois    +         Reflect  .   F - +2 helmet
rElec    .         Harm     .   q - +0 cloak
rCorr    .         Rampage  .   J - +2 pair of gloves {Dex+3}
Will     +....                  D - +1 pair of boots
Stlth    +++.......             B - amulet of magic regeneration
HPRegen  0.16/turn              p - ring of poison resistance
MPRegen  0.43/turn              g - ring of wizardry

@: lightly drained
A: no striking features
a: Renounce Religion


You were on level 9 of the Dungeon.
You worshipped Vehumet.
Vehumet was pleased with you.
You visited 2 branches of the dungeon, and saw 10 of its levels.
You also visited: Ossuary.

You collected 430 gold pieces.
You spent 103 gold pieces at shops.

Inventory:

Hand Weapons
 o - a +3 vampiric dagger
Missiles
 I - 7 silver javelins
Armour
 a - a +0 robe (worn)
 q - a +0 cloak (worn)
 w - a +0 buckler (worn)
 D - a +1 pair of boots (worn)
 F - a +2 helmet (worn)
 J - a +2 pair of gloves of dexterity (worn)
 L - a +0 leather armour of cold resistance
Magical Staves
 v - an uncursed staff of conjuration (weapon)
Jewellery
 g - a ring of wizardry (right hand)
 p - a ring of poison resistance (left hand)
 y - an uncursed amulet of the acrobat {unknown}
 B - an amulet of magic regeneration (around neck)
 G - an uncursed amulet of faith
 N - an uncursed ring of wizardry
Wands
 K - a wand of iceblast (5)
 O - a wand of disintegration (9)
Scrolls
 c - 2 scrolls of amnesia
 h - 3 scrolls of enchant weapon
 j - a scroll of noise
 l - a scroll of enchant armour
 n - 5 scrolls of teleportation
 r - a scroll of summoning {unknown}
 s - 3 scrolls of remove curse
 E - a scroll of fear
 H - a scroll of magic mapping {unknown}
Potions
 b - 6 potions of curing
 d - 2 potions of heal wounds
 e - 4 potions of lignification {unknown}
 f - a potion of degeneration {unknown}
 i - a potion of attraction
 k - 3 potions of haste
 m - 3 potions of mutation
 t - 2 potions of ambrosia
 u - 2 potions of might
 x - a potion of flight
 z - 3 potions of berserk rage
 A - 2 potions of resistance
 M - a potion of invisibility


   Skills:
 - Level 6.0 Dodging
 + Level 4.3 Stealth
 - Level 4.0 Shields
 - Level 6.8 Spellcasting
 + Level 11.6 Conjurations
 - Level 7.7 Hexes
 - Level 5.2 Translocations


You had 8 spell levels left.
You knew the following spells:

 Your Spells              Type           Power        Failure   Level
a - Magic Dart            Conj           100%         1%          1
b - Searing Ray           Conj           100%         1%          2
c - Dazzling Flash        Conj/Hex       100%         1%          3
d - Fulminant Prism       Conj/Hex       36%          1%          4
e - Iskenderun's Mystic   Conj/Tloc      68%          1%          4

Your spell library contained the following spells:

 Spells                   Type           Power        Failure   Level
 Freeze                   Ice            32%          2%          1
 Confusing Touch          Hex            49%          1%          3
 Gell's Gravitas          Tloc           18%          1%          3
 Metabolic Englaciation   Hex/Ice        14%          14%         5
 Yara's Violent Unravell  Hex/Tmut       14%          14%         5
 Petrify                  Tmut/Erth      8%           26%         4


Dungeon Overview and Level Annotations

Branches:
Dungeon (9/15)             Temple (1/1) D:5             Orc (0/2) D:9
Ossuary (visited)
   Lair: D:8-11

Altars:
Ashenzari
Cheibriados
Dithmenos
Elyvilon
Fedhas
Gozag
Hepliaklqana
Kikubaaqudgha
Nemelex Xobeh
Okawaru
Qazlal
Ru
Sif Muna
Trog
Uskayaw
Vehumet
Wu Jian
Xom
Yredelemnul
The Shining One

Shops:
D:4 *


Message History

The magic dart hits the hell rat but does no damage.
The hell rat roars deafeningly!
You hear a deafening roar!
You hear a bellow!
Casting: Magic Dart (safe; 1% risk of failure)
Confirm with . or Enter, or press ? or * to list all spells.
You can't see any susceptible monsters within range! (Use Z to cast anyway.)
Casting: Magic Dart (safe; 1% risk of failure)
Confirm with . or Enter, or press ? or * to list all spells.
Aiming: Searing Ray (safe; 1% risk of failure)
Press: ? - help, Shift-Dir - straight line, f/p - hell rat
Aim: a hell rat (17% to evade)
You feel a surge of power!
The searing ray hits the hell rat.
The hell rat is moderately wounded. (Press . to maintain the ray.)
The hell rat misses you.
The searing ray hits the hell rat!
The hell rat is almost dead.
The hell rat bites you!
* * * LOW HITPOINT WARNING * * *
You feel drained.
You die...

##......#
#.......#
.#.......#
.........#
##.......#
.##......#
.........# #
.......#r#.#.#.#
.......#@...†...
.....†...#.#.#.#
.####....#.#
#....# # #....#
.....# #.....#
#.....#


You could see a hell rat.

Vanquished Creatures
  Harold (D:8)
  Pikel (D:8)
  A manticore (D:9)
  Maggie (D:8)
  Edmund (D:5)
  2 ice beasts
  2 orc warriors
  2 black bears
  3 phantoms
  2 ogres
  4 centaurs
  2 lemures (D:8)
  3 bullfrogs
  2 water moccasin zombies (Ossuary)
  3 scorpions
  6 howler monkeys
  A centaur zombie (D:9)
  A quasit (D:6)
  A jelly (D:3)
  3 orc priests
  A centaur skeleton (D:4)
  5 hounds
  7 orc wizards
  2 bullfrog skeletons
  An iguana (D:5)
  6 worker ants
  A hell rat (D:9)
  5 big kobold zombies (Ossuary)
  2 hound zombies (D:5)
  2 mummies (Ossuary)
  A worker ant zombie (D:5)
  7 gnolls
  7 adders
  A shadow imp (D:5)
  3 white imps
  An ufetubus (D:7)
  2 oozes
  8 adder zombies
  An adder skeleton (D:4)
  6 worms
  2 dart slugs (D:2)
  5 leopard geckos
  23 orcs
  2 ball pythons
  7 bats
  5 giant cockroaches
  6 goblins
  6 hobgoblins
  8 jackals
  9 kobolds
  3 quokkas
  14 frilled lizards
  6 hobgoblin zombies (Ossuary)
  A jackal skeleton (D:5)
  A jackal zombie (D:5)
  5 kobold zombies (Ossuary)
  A leopard gecko skeleton (D:8)
  4 orc zombies (Ossuary)
  7 rats
226 creatures vanquished.

Vanquished Creatures (others)
  20 fulminant prisms
20 creatures vanquished.

Grand Total: 246 creatures vanquished

Notes
Turn   | Place    | Note
-------+----------+-------------------------------------------
     0 | D:1      | bnorton916 the Deep Elf Conjurer began the quest for the
                  | Orb.
     0 | D:1      | Reached XP level 1. HP: 10/10 MP: 6/6
   345 | D:1      | Reached XP level 2. HP: 15/15 MP: 4/8
  1681 | D:2      | Learned a level 2 spell: Searing Ray
  1711 | D:2      | Reached skill level 5 in Conjurations
  1711 | D:2      | Reached XP level 3. HP: 19/19 MP: 8/10
  2906 | D:3      | Reached XP level 4. HP: 24/24 MP: 4/12
  3070 | D:3      | Reached skill level 5 in Spellcasting
  3202 | D:3      | Learned a level 3 spell: Dazzling Flash
  3207 | D:3      | Learned a level 4 spell: Fulminant Prism
  3438 | D:3      | Reached skill level 1 in Hexes
  3438 | D:3      | Reached XP level 5. HP: 27/28 MP: 6/14
  3534 | D:3      | Reached skill level 6 in Conjurations
  4293 | D:4      | Noticed a phantom
  4363 | D:4      | Reached XP level 6. HP: 25/32 MP: 10/17
  4964 | D:4      | Reached XP level 7. HP: 36/36 MP: 15/19
  4975 | D:4      | Learned a level 4 spell: Iskenderun's Mystic Blast
  5231 | D:4      | Found Lameipam's Assorted Antiques.
  5245 | D:4      | Bought a pair of gloves for 103 gold pieces
  5290 | D:4      | Found an ornate altar of the Wu Jian Council.
  5362 | D:4      | You fall into a shaft and drop 2 floors!
  5377 | D:6      | Reached skill level 1 in Translocations
  5458 | D:6      | Reached skill level 7 in Conjurations
  5559 | D:6      | Reached skill level 5 in Hexes
  5682 | D:6      | Reached XP level 8. HP: 41/41 MP: 15/20
  5790 | D:6      | Found a sparkling altar of Nemelex Xobeh.
  5873 | D:6      | Reached skill level 8 in Conjurations
  5959 | D:5      | Entered Level 5 of the Dungeon
  6090 | D:5      | Found a staircase to the Ecumenical Temple.
  6101 | Temple   | Entered the Ecumenical Temple
  6226 | Temple   | Became a worshipper of Vehumet
  6265 | D:5      | Found a sand-covered staircase.
  6274 | D:5      | Reached skill level 5 in Translocations
  6276 | D:5      | Noticed Edmund
  6286 | Ossuary  | Entered an ossuary
  6798 | Ossuary  | Reached * piety under Vehumet
  6798 | Ossuary  | Offered knowledge of Shock by Vehumet.
  6929 | Ossuary  | Reached XP level 9. HP: 36/45 MP: 10/21
  7048 | D:5      | Reached skill level 1 in Shields
  7048 | D:5      | Reached skill level 9 in Conjurations
  7112 | D:5      | Found an opulent altar of Gozag.
  7295 | D:5      | Killed Edmund
  8847 | D:7      | Offered knowledge of Freeze by Vehumet.
  9288 | D:8      | Reached ** piety under Vehumet
  9289 | D:8      | Noticed Harold
  9315 | D:8      | Killed Harold
  9316 | D:8      | Reached skill level 10 in Conjurations
  9823 | D:8      | Noticed Maggie
  9833 | D:8      | Killed Maggie
  9947 | D:8      | Reached XP level 10. HP: 50/50 MP: 20/22
 10027 | D:8      | Noticed Pikel
 10033 | D:8      | Killed Pikel
 10034 | D:8      | Reached skill level 11 in Conjurations
 10107 | D:8      | Found a broken altar of Ashenzari.
 10107 | D:8      | Found a blossoming altar of Fedhas.
 10457 | D:9      | Found a staircase to the Orcish Mines.
 10702 | D:9      | Noticed a manticore
 10709 | D:9      | Killed a manticore
 10735 | D:9      | Slain by a hell rat

Illustrated notes

Levels and vault maps discovered:
D:1:      dpeg_arrival_ternary, layout_basic, minmay_lizard_pond
D:2:      layout_basic, kennysheep_another_room, minmay_split_cup_small
D:3:      layout_basic
D:4:      kennysheep_spiral_hall, layout_rooms, general_overflow_altar,
          serial_shops, shop
D:5:      layout_basic, minmay_temple_entry_large_hall, enter_ossuary_1,
          basic_altar, uniq_edmund
D:6:      layout_rooms, nemelex_xobeh_ov_fountains_minmay
D:7:      layout_layer_cave
D:8:      layout_basic, gammafunk_temple_overflow_wave, uniq_maggie, uniq_pikel,
          uniq_harold
D:9:      minmay_the_grid_4x2 [minmay_the_grid_odd_star,
          minmay_the_grid_minigrid_large, minmay_the_grid_small_cups,
          minmay_the_grid_dragon_b, minmay_the_grid_slots,
          minmay_the_grid_paths, minmay_the_grid_spikes,
          minmay_the_grid_prize_four_corners_diamond_b], layout_cave_pools,
          grunt_temple_overflow_order_and_chaos_2, dpeg_lair_monsters,
          serial_column_ruins, column_ruins_open_tiny,
          column_ruins_columns_straight, column_ruins_columns_corner,
          column_ruins_columns_straight, column_ruins_grid_1, uniq_gastronok
Temple:   regret_index_temple_sphere_string

Skill      XL: |  1  2  3  4  5  6  7  8  9 10 |
---------------+-------------------------------+-----
Spellcasting   | 4 5 6 |  6.8
Conjurations   | 5 6 7 8 10 11 | 11.6
Hexes          | 1 2 4 5 7 |  7.7
Translocations | 3 5 |  5.2
Dodging        | 6 |  6.0
Shields        | 4 |  4.0
Stealth        | 4 |  4.3

Action                   |  1- 3 |  4- 6 |  7- 9 | 10-12 || total
-------------------------+-------+-------+-------+-------++-------
Melee: Dagger            |       |    36 |       |       ||    36
       Staff             |       |     2 |    27 |       ||    29
 Cast: Magic Dart        |    94 |    53 |   150 |    13 ||   310
       Searing Ray       |       |    15 |    42 |    10 ||    67
       Dazzling Flash    |       |     1 |       |       ||     1
       Fulminant Prism   |       |       |    16 |     4 ||    20
       Iskenderun's Myst |       |       |     7 |       ||     7
  Use: Scroll            |     2 |     1 |    16 |     6 ||    25
Armor: Robe              |     3 |    11 |    55 |     6 ||    75
Dodge: Dodged            |    15 |    43 |   108 |     7 ||   173
Block: Buckler           |       |       |       |     4 ||     4
